 Dungeon Crawl Stone Soup version 0.30.0-16-gbe6223bb7e (webtiles) character file.

Game seed: 17298299631878439821

151174 hito the Fighter (level 17, 0/143 (152) HPs)
             Began as a Grey Draconian Delver on May 20, 2023.
             Was a High Priest of Ru.
             Slain by a merfolk impaler
             ... wielding a +2 trident of protection
              (6 damage)
             ... on level 4 of the Shoals.
             The game lasted 02:08:53 (35933 turns).

hito the Fighter (Grey Draconian Delver)           Turns: 35933, Time: 02:08:53

HP:   0/143 (152)   AC: 17    Str: 17    XL:     17   Next: 0%
MP:   22/30         EV: 11    Int: 13    God:    Ru [*****.]
Gold: 2034          SH:  0    Dex: 14    Spells: 8/34 levels left

rFire   . .          .
                       - Unarmed
rCold   . . .        (shield currently unavailable)
rNeg    . . .        (body armour unavailable)
rPois   +            (helmet restricted)
rElec   .            b - scarf {repulsion}
rCorr   .            I - melded +0 pair of gloves
SInv    +            w - +2 pair of boots
Will    +....        i - amulet of regeneration Stlth
                     E - ring of poison resistance
HPRegen 1.23/turn    o - ring of see invisible
MPRegen 0.22/turn

%: repel missiles
@: exhausted, blade hands, drained, unable to read
A: AC +14, amphibious, unfitting armour, dopey 1, cold-blooded, inability to
read after injury 2, no stealth, hated by all, reduced EV 1
a: End Transformation, Renounce Religion, Draw Out Power, Power Leap, Apocalypse


You were on level 4 of the Shoals.
You worshipped Ru.
Ru was extremely pleased with you.
You had blades for hands.
You visited 6 branches of the dungeon, and saw 27 of its levels.
You also visited: Sewer and Bailey.

You collected 4092 gold pieces.
You spent 2058 gold pieces at shops.

Inventory:

Missiles
 t - 2 silver javelins
 v - 2 throwing nets
 M - a curare-tipped dart
Armour
 a - a +2 kite shield of protection
 b - a scarf of repulsion (worn)
 w - a +2 pair of boots (worn)
 I - a +0 pair of gloves (melded)
Magical Staves
 n - a staff of earth
Jewellery
 i - an amulet of regeneration (around neck)
 o - a ring of see invisible (right blade hand)
 E - a ring of poison resistance (left blade hand)
 R - a ring of willpower
Wands
 f - a wand of digging (6)
 h - a wand of flame (43)
 m - a wand of iceblast (32) (quivered)
 F - a wand of acid (11)
 L - a wand of polymorph (7)
 Y - a wand of paralysis (20)
 Z - a wand of mindburst (6)
Scrolls
 c - a scroll of torment
 d - 6 scrolls of fear
 j - 5 scrolls of blinking
 l - 6 scrolls of enchant armour
 r - 3 scrolls of magic mapping
 s - a scroll of brand weapon
 B - 9 scrolls of fog
 D - 9 scrolls of teleportation
 H - 2 scrolls of immolation
 J - 3 scrolls of vulnerability
 K - 4 scrolls of amnesia
 T - 2 scrolls of silence
 W - 4 scrolls of poison
 X - 12 scrolls of identify
Potions
 e - 2 potions of haste
 g - 8 potions of ambrosia
 k - 2 potions of invisibility
 p - 5 potions of flight
 q - 15 potions of might
 u - 13 potions of curing
 z - 2 potions of mutation
 A - 2 potions of heal wounds
 N - a potion of cancellation
 O - 3 potions of brilliance
 P - a potion of berserk rage
 S - 4 potions of attraction
 U - a potion of resistance
 V - 3 potions of lignification
Miscellaneous
 C - a phial of floods


   Skills:
 - Level 14.0 Fighting
 - Level 10.0 Short Blades
 - Level 10.0 Dodging
 - Level 11.2 Unarmed Combat
 - Level 9.0 Spellcasting
 - Level 7.0 Conjurations
 - Level 13.0 Transmutations
 - Level 3.0 Ice Magic
 + Level 13.4 Earth Magic
 + Level 6.9 Evocations


You had 8 spell levels left.
You knew the following spells:

 Your Spells              Type           Power      Damage    Failure   Level
a - Wereblood             Tmut           39%        N/A       7%          2
b - Stone Arrow           Conj/Erth      64%        3d11      12%         3
c - Blade Hands           Tmut           19%        N/A       19%         5
d - Irradiate             Conj/Tmut      15%        3d16      34%         5
e - Statue Form           Tmut/Erth      26%        N/A       43%         6
f - Lee's Rapid Deconstr  Erth           20%        3d12*     17%         5

Your spell library contained the following spells:

 Spells                   Type           Power      Damage    Failure   Level
 Magic Dart               Conj           96%        1d7       13%         1
 Searing Ray              Conj           48%        2d6       16%         2
 Ice Form                 Ice/Tmut       26%        N/A       32%         4
 Ignite Poison            Fire/Tmut/Pois 17%        N/A       36%         3
 Leda's Liquefaction      Hex/Erth       11%        N/A       41%         4
 Apportation              Tloc           10%        N/A       50%         1
 Necrotise                Necr           20%        1d5       50%         1
 Blink                    Tloc           10%        N/A       61%         2
 Sublimation of Blood     Necr           5%         N/A       61%         2
 Borgnjor's Vile Clutch   Necr/Erth      11%        N/A       65%         5
 Fulminant Prism          Conj/Hex       7%         3d7       71%         4
 Dragon Form              Tmut           19%        N/A       85%         7
 Anguish                  Hex/Necr       2%         N/A       97%         4
 Cause Fear               Hex            2%         N/A       97%         4
 Manifold Assault         Tloc           5%         N/A       97%         4
 Eringya's Noxious Bog    Tmut/Pois      11%        N/A       98%         6
 Enfeeble                 Hex            2%         N/A       100%        7
 Storm Form               Tmut/Air       11%        N/A       100%        7
 Borgnjor's Revivificati  Necr           2%         N/A       100%        8
 Lehudib's Crystal Spear  Conj/Erth      16%        10d5      100%        8
 Maxwell's Capacitive Co  Air            2%         ∞         100%        8
 Necromutation            Tmut/Necr      11%        N/A       100%        8
 Death's Door             Necr           2%         N/A       100%        9
 Animate Armour           Summ/Erth      Unusable   N/A       N/A         4
 Summon Small Mammal      Summ           Unusable   N/A       N/A         1
 Animate Dead             Necr           Unusable   N/A       N/A         4
 Summon Lightning Spire   Summ/Air       Unusable   N/A       N/A         4
 Death Channel            Necr           Unusable   N/A       N/A         6
 Summon Hydra             Summ           Unusable   N/A       N/A         7

Dungeon Overview and Level Annotations

Branches:
Dungeon (13/15)            Temple (1/1) D:4            Lair (4/5) D:11
 Shoals (4/4) Lair:2        Snake (3/4) Lair:3        Slime (0/5) Lair:4
    Orc (2/2) D:12            Elf (0/3) Orc:2         Sewer (visited)
 Bailey (visited)
 Vaults: D:13-14

Altars:
Ashenzari
Cheibriados
Dithmenos
Elyvilon
Gozag
Kikubaaqudgha
Makhleb
Nemelex Xobeh
Okawaru
Qazlal
Ru
Sif Muna
Trog
Uskayaw
Vehumet
Wu Jian
Xom
Zin
The Shining One

Shops:
D:1 *[!   D:9 *   D:10 :   Orc:2 [:(=   Shoals:1 (*(   Shoals:2 =   Shoals:4 [

Annotations:
D:3 3 runed translucent doors, domi's ghost, weakling MeEE
D:4 exclusion: downstairs
D:5 2 transporters, exclusion: oklob plant, Liamsmither's ghost, novice DsGl
D:6 exclusion: downstairs
D:7 exclusion: downstairs
D:13 4 transporters
Lair:2 exclusion: oklob plant
Shoals:1 exclusion: downstairs
Shoals:3 exclusion: downstairs
Shoals:4 Mlioglotl
Snake:1 exclusion: downstairs


Innate Abilities, Weirdness & Mutations

You have blades for hands.
Your spellcasting is less reliable in this form.
You are incapable of wielding weapons or throwing items.
Your dull iron-grey scales are very hard. (AC +14)
You are amphibious.
You cannot fit into any form of body armour.
You are dopey. (Int -2)
You are cold-blooded and may be slowed by cold attacks.
You sometimes lose the ability to read scrolls when taking damage.
You cannot be stealthy.
You are hated by all.
You have somewhat slow reflexes. (EV -5)


Message History

The merfolk impaler hits you but does no damage.
The merfolk barely misses you.
You slice the merfolk impaler!! You slash the merfolk impaler!
The merfolk impaler is almost dead.
The merfolk impaler hits you with a +2 trident of protection!!
* * * LOW HITPOINT WARNING * * *
The merfolk javelineer throws a silver javelin.
The silver javelin pierces through you.
* * * LOW HITPOINT WARNING * * *
x2 The merfolk impaler hits you but does no damage.
The merfolk hits you but does no damage.
Aiming: Power Leap
Press: ? - help, Dir - move target Floosh!
A merfolk comes into view. It is wielding a +0 trident.
The merfolk shouts!
The merfolk javelineer throws a silver javelin.
The silver javelin pierces through you!
* * * LOW HITPOINT WARNING * * *
x2 The merfolk throws a boomerang.
The boomerang barely misses you.
Unknown command.
The merfolk impaler hits you from afar with a +2 trident of protection.
* * * LOW HITPOINT WARNING * * *
The merfolk javelineer throws a silver javelin.
The silver javelin misses you.
The merfolk hits you from afar with a +0 trident!
* * * LOW HITPOINT WARNING * * *
Unknown command.
You feel much better.
The merfolk throws a boomerang.
The boomerang closely misses you.
The merfolk impaler hits you from afar with a +2 trident of protection!
* * * LOW HITPOINT WARNING * * *
The merfolk javelineer throws a silver javelin.
The silver javelin pierces through you!
* * * LOW HITPOINT WARNING * * *
x2 You focus your inner power and blind the merfolk javelineer in retribution!
The merfolk throws a boomerang.
The boomerang hits you.
* * * LOW HITPOINT WARNING * * *
The merfolk impaler hits you from afar with a +2 trident of protection.
You die...

.....................# .. .
............m......†.##P..
..~...P.........).....#.#...
##. #..PP......∩÷.).........
~≈..#..~...........)........
~~≈≈≈≈≈~†(.m...m)...).......
.~≈≈≈≈≈~~m...[..............
.~~≈≈≈≈≈~~..................
..~≈≈≈≈≈≈m)@<.)..).)........
..~≈≈≈≈≈≈≈~~...#...........~
.~~≈≈≈≈≈≈≈~~.)......[.....~~
.~~≈≈≈≈≈≈≈≈~~.............~~
.~≈≈≈≈≈≈≈≈≈~~............~~P
P≈≈≈≈≈≈≈≈≈≈≈~~.........~~~~~
.P≈≈≈≈≈≈≈≈≈≈~~~~~.[.~.~~~~##
≈≈≈≈≈≈≈≈≈≈≈~~~~.~~~~~..#.
≈≈≈≈≈≈≈≈≈≈≈≈≈~~~~~~~.)..


You could see a merfolk impaler, a merfolk javelineer (blind) and 3 merfolk.

Vanquished Creatures
  Bai Suzhen (Shoals:3)
  Nikola (Snake:3)
  A kraken (Shoals:2)
  Polyphemus (Shoals:3)
  Donald (Snake:3)
  Aizul (Snake:1)
  An orc warlord (Bailey)
  Snorg (D:10)
  3 merfolk javelineers
  Josephine (Shoals:1)
  5 merfolk impalers
  A hydra (Lair:3)
  4 ogre magi
  3 merfolk avatars
  A catoblepas (Shoals:3)
  2 alligator snapping turtles
  A centaur warrior (Shoals:1)
  6 anacondas
  A boulder beetle (Lair:4)
  A satyr (Shoals:4)
  4 merfolk aquamancers
  16 two-headed ogres
  6 naga warriors
  A tengu warrior (D:13)
  4 naga sharpshooters
  6 death yaks
  3 shock serpents
  Amaemon (D:8)
  2 skysharks
  A salamander mystic (Snake:3)
  12 sea snakes
  2 naga ritualists
  Pikel (D:6)
  12 harpies
  An orc sorcerer (Orc:1)
  3 orc knights
  7 mana vipers
  6 cyclopes
  6 fauns
  6 salamanders
  12 manticores
  A deep elf pyromancer (D:7)
  8 merfolk sirens
  An elephant (Lair:2)
  2 guardian serpents (Snake:2)
  22 black mambas
  8 naga magi
  2 torpor snails
  10 water nymphs
  An orange demon (D:8)
  8 cane toads
  A gargoyle (D:10)
  4 kobold demonologists
  3 rime drakes
  An unseen horror (D:11)
  Psyche (D:10)
  5 komodo dragons
  9 trolls
  4 harpy zombies (Shoals:1)
  23 merfolk
  2 polar bears
  A queen bee (Lair:2)
  3 meliai (D:13)
  5 wind drakes
  Prince Ribbit (D:5)
  13 snapping turtles
  19 blink frogs
  Grinder (D:5)
  7 dream sheep (Shoals:1)
  Sigmund (D:7)
  3 shadows
  An air elemental (D:11)
  17 water elementals
  A culicivora (shapeshifter) (D:13)
  2 vampires
  9 wyverns
  A fire elemental (D:11)
  7 wraiths
  35 yaks
  Eustachio (D:6)
  5 basilisks
  5 vampire mosquitoes
  2 steam dragons
  23 nagas
  An acid dragon (D:10)
  Menkaure (D:7)
  Edmund (D:6)
  Duvessa (D:5)
  16 water moccasins
  6 ice beasts
  2 manticore zombies (Shoals:1)
  17 orc warriors
  A sky beast (D:6)
  2 black bears
  26 ogres
  4 wolves (D:11)
  11 centaurs
  A lemure (D:7)
  4 kobold brigands
  3 phantoms
  14 bullfrogs
  A gnoll sergeant (D:12)
  A scorpion (Lair:1)
  An earth elemental (D:11)
  Dowan (D:5)
  3 wights (D:8)
  32 killer bees
  7 howler monkeys
  2 electric eels (D:7)
  3 hounds
  6 jellies
  A gnoll bouda (D:7)
  15 orc priests
  Jessica (D:2)
  4 sleepcaps
  4 iguanas
  21 orc wizards
  Robin (D:2)
  19 gnolls
  11 adders
  3 river rats
  2 shadow imps
  A white imp (D:6)
  2 ufetubi
  5 worms
  4 dart slugs
  48 orcs
  A bat zombie (Shoals:1)
  23 endoplasms
  13 giant cockroaches
  13 hobgoblins
  6 jackals (D:4)
  21 kobolds
  11 quokkas
  16 ball pythons
  4 bats
  5 frilled lizards
  23 goblins
  8 rats
  A tentacle (Shoals:2)
883 creatures vanquished.

Vanquished Creatures (collateral kills)
  A goblin (D:10)
1 creature vanquished.

Vanquished Creatures (others)
  A merfolk impaler (Shoals:2)
  2 two-headed ogres (D:10)
  A wizard (D:11)
  A harpy (Shoals:3)
  A faun (Shoals:4)
  A torpor snail (Lair:4)
  2 komodo dragons
  4 merfolk
  A water elemental (Shoals:1)
  2 yaks (D:10)
  A naga (Snake:3)
  An acid dragon (D:10)
  An ogre (Orc:1)
  A gnoll sergeant (D:10)
  2 orcs
  A kobold (D:11)
  2 starspawn tentacles (Shoals:4)
  18 tentacles
43 creatures vanquished.

Grand Total: 927 creatures vanquished

Notes
Turn   | Place    | Note
-------+----------+-------------------------------------------
     0 | D:5      | hito the Draconian Delver began the quest for the Orb.
     0 | D:5      | Reached XP level 1. HP: 19/19 MP: 1/1
     6 | D:5      | Noticed a black bear
   116 | D:3      | Found a glowing drain.
   212 | D:2      | Reached XP level 2. HP: 16/27 MP: 2/2
   371 | D:3      | Reached skill level 4 in Fighting
   371 | D:3      | Reached XP level 3. HP: 26/33 MP: 3/3
   426 | Sewer    | Entered a sewer
   713 | Sewer    | Reached XP level 4. HP: 37/41 MP: 4/4
   922 | Sewer    | Noticed a bullfrog
   923 | Sewer    | Noticed a bullfrog
   933 | Sewer    | Killed a bullfrog
   934 | Sewer    | Reached skill level 5 in Fighting
   934 | Sewer    | Reached XP level 5. HP: 30/48 MP: 5/5
  1331 | D:2      | Noticed Jessica
  1338 | D:2      | Killed Jessica
  1427 | D:1      | Reached XP level 6. HP: 56/56 MP: 6/6
  1611 | D:1      | Found Utzaver's Distillery.
  1619 | D:1      | Bought a potion of curing for 30 gold pieces
  1746 | D:1      | Found Kofy's Antique Armour Emporium.
  2230 | D:1      | Found Nocydel's General Store.
  2415 | D:2      | Reached skill level 1 in Evocations
  3090 | D:2      | Noticed Robin
  3142 | D:2      | Killed Robin
  3143 | D:2      | Reached skill level 6 in Fighting
  3521 | D:2      | Reached skill level 5 in Short Blades
  3555 | D:3      | Noticed a water moccasin
  3573 | D:3      | Killed a water moccasin
  3645 | D:3      | Your scales start taking on a dull iron-grey colour.
  3645 | D:3      | Reached XP level 7. HP: 50/63 MP: 7/7
  3691 | D:3      | Found a runed translucent gate.
  3691 | D:3      | Found a runed translucent gate.
  3691 | D:3      | Found a runed translucent gate.
  3723 | D:3      | Noticed domi's ghost (weakling MeEE)
  4294 | D:4      | Found a staircase to the Ecumenical Temple.
  4325 | Temple   | Entered the Ecumenical Temple
  5074 | D:4      | Identified a scroll of acquirement
  5078 | D:4      | Acquired 701 gold pieces
  5222 | D:1      | Bought a wand of iceblast (7) for 168 gold pieces
  5297 | D:1      | Bought an embroidered scarf for 160 gold pieces
  5427 | D:5      | Reached XP level 8. HP: 45/71 MP: 8/8
  5515 | D:5      | Reached skill level 7 in Fighting
  5605 | D:5      | Reached skill level 5 in Stealth
  5768 | D:5      | Noticed Duvessa
  5769 | D:5      | Found a blossoming altar of Fedhas.
  5770 | D:5      | Noticed Dowan
  5793 | D:5      | Killed Duvessa
  5824 | D:5      | Killed Dowan
  5850 | D:5      | Found a transporter.
  5851 | D:5      | Noticed Liamsmither's ghost (novice DsGl)
  5909 | D:5      | Noticed Prince Ribbit
  5927 | D:5      | Killed Prince Ribbit
  5967 | D:5      | Found a basalt altar of Yredelemnul.
  5970 | D:5      | Noticed Grinder
  6008 | D:5      | Killed Grinder
  6009 | D:5      | Reached XP level 9. HP: 70/79 MP: 9/9
  6298 | D:5      | Found a transporter.
  6376 | D:5      | Noticed an oklob plant
  6604 | D:6      | Reached skill level 10 in Short Blades
  6668 | D:6      | Noticed Edmund
  6689 | D:6      | Killed Edmund
  6709 | D:6      | Noticed Eustachio
  6762 | D:6      | Killed Eustachio
  7458 | D:7      | Noticed Pikel
  7495 | D:6      | Killed Pikel
  7496 | D:6      | Reached skill level 8 in Fighting
  7496 | D:6      | Reached skill level 5 in Dodging
  7572 | D:7      | Noticed a deep elf pyromancer
  7572 | D:7      | Noticed Sigmund
  7573 | D:7      | Noticed a troll
  7671 | D:7      | Reached XP level 10. HP: 67/90 MP: 10/10
  7875 | D:7      | Killed Sigmund
  7876 | D:7      | Reached skill level 9 in Fighting
  8126 | D:7      | Found a shimmering blue altar of Sif Muna.
  8262 | D:7      | Noticed Menkaure
  8280 | D:7      | Killed Menkaure
  8373 | D:7      | Reached skill level 10 in Fighting
  8519 | D:7      | Killed a deep elf pyromancer
  8858 | D:8      | Noticed a rust devil
  9011 | D:8      | Noticed an orange demon
  9012 | D:8      | Noticed Amaemon
  9061 | D:8      | Found a radiant altar of Vehumet.
  9061 | D:8      | Found a hide-covered altar of Uskayaw.
  9413 | D:8      | Killed an orange demon
  9440 | D:8      | Killed Amaemon
  9701 | D:8      | Learned a level 1 spell: Summon Small Mammal
  9935 | D:9      | Reached XP level 11. HP: 66/99 MP: 11/11
  9997 | D:9      | Reached skill level 1 in Summonings
 10010 | D:9      | Reached skill level 1 in Spellcasting
 10010 | D:9      | Reached skill level 5 in Evocations
 10093 | D:9      | Found Duikuf's Assorted Antiques.
 10111 | D:9      | Bought a silvery potion for 27 gold pieces
 10149 | D:9      | Found an opulent altar of Gozag.
 10232 | D:9      | Found a sacrificial altar of Ru.
 10248 | D:9      | Became a worshipper of Ru the Awakened
 10665 | D:9      | Found a glowing silver altar of Zin.
 10709 | D:9      | Found a shadowy altar of Dithmenos.
 10764 | D:10     | Entered Level 10 of the Dungeon
 10787 | D:10     | Found Hyhuly's Tiny Tomes.
 10792 | D:10     | Bought the Quarto of Bolts for 120 gold pieces
 10796 | D:10     | Learned a level 3 spell: Stone Arrow
 10796 | D:10     | Bought the Compendium of Composition for 180 gold pieces
 10802 | D:10     | Learned a level 5 spell: Blade Hands
 10811 | D:10     | Found a flagged portal.
 10880 | D:10     | Reached skill level 1 in Earth Magic
 10880 | D:10     | Noticed Snorg
 10891 | D:10     | Reached skill level 1 in Conjurations
 10891 | D:10     | Reached skill level 1 in Transmutations
 10977 | D:10     | Killed Snorg
 10995 | D:10     | Noticed Psyche
 11051 | D:10     | Killed Psyche
 11075 | Bailey   | Entered a bailey
 11082 | Bailey   | Noticed an orc warlord
 11204 | Bailey   | Found a runed translucent gate.
 11210 | Bailey   | Found a runed translucent gate.
 11211 | Bailey   | Found a runed translucent gate.
 11218 | Bailey   | Noticed an orc knight
 11259 | Bailey   | Killed an orc knight
 11382 | Bailey   | Gained mutation: You are hated by all. [Ru sacrifice]
 11382 | Bailey   | Reached * piety under Ru
 11567 | Bailey   | Killed an orc warlord
 11573 | Bailey   | Got Nuthrear's Spellbook of Tainted Wounds
 11582 | Bailey   | Acquired 888 gold pieces
 11702 | D:10     | Found a broken altar of Ashenzari.
 11775 | D:10     | Found a shimmering altar of Xom.
 11775 | D:10     | Noticed a two-headed ogre
 11775 | D:10     | Noticed a two-headed ogre
 11921 | D:10     | Killed a two-headed ogre
 11946 | D:10     | Reached skill level 5 in Earth Magic
 12025 | D:10     | Killed a two-headed ogre
 12655 | D:11     | Reached skill level 5 in Transmutations
 12705 | D:11     | Noticed a wizard
 12727 | D:11     | Killed a wizard
 12867 | D:11     | Noticed a two-headed ogre
 12902 | D:11     | Killed a two-headed ogre
 13009 | D:10     | Reached XP level 12. HP: 106/106 MP: 18/18
 13316 | D:11     | Found a staircase to the Lair.
 13367 | D:11     | Identified the +8 flail "Ivenouf" {spect, rF- Dex+5}
 13739 | D:11     | Gained mutation: You occasionally lose the ability to read
                  | scrolls when taking damage. [Ru sacrifice]
 13739 | D:11     | Gained mutation: You sometimes lose the ability to read
                  | scrolls when taking damage. [Ru sacrifice]
 13739 | D:11     | Reached ** piety under Ru
 13739 | D:11     | Reached *** piety under Ru
 13757 | D:11     | Found a large runed translucent door.
 13757 | D:11     | Found a large runed translucent door.
 13878 | D:11     | Paralysed by an air elemental for 1 turns
 13881 | D:11     | Paralysed by an air elemental for 1 turns
 14088 | Lair:1   | Entered Level 1 of the Lair of Beasts
 14455 | Lair:1   | Reached skill level 1 in Unarmed Combat
 15505 | Lair:2   | Reached skill level 5 in Spellcasting
 16112 | Lair:2   | Reached skill level 5 in Unarmed Combat
 16350 | Lair:2   | Reached XP level 13. HP: 99/113 MP: 20/20
 16464 | Lair:2   | Gained mutation: You are dopey. (Int -2) [Ru sacrifice]
 17036 | Lair:2   | Learned a level 5 spell: Irradiate
 17108 | Lair:2   | Found a staircase to the Shoals.
 18016 | Lair:3   | Found a staircase to the Snake Pit.
 18050 | Lair:3   | Reached skill level 10 in Transmutations
 18677 | Lair:3   | Gained mutation: You have somewhat slow reflexes. (EV -5)
                  | [Ru sacrifice]
 18677 | Lair:3   | Reached **** piety under Ru
 19314 | Lair:4   | Reached skill level 5 in Conjurations
 19493 | Lair:4   | Found a staircase to the Slime Pits.
 20765 | D:12     | Found a staircase to the Orcish Mines.
 20805 | D:12     | Gained mutation: You cannot be stealthy. [Ru sacrifice]
 20805 | D:12     | Reached ***** piety under Ru
 21075 | D:12     | Learned a level 2 spell: Wereblood
 21079 | D:12     | Learned a level 3 spell: Ignite Poison
 21398 | D:13     | Reached XP level 14. HP: 89/121 MP: 11/21
 21583 | D:13     | Found a transporter.
 21584 | D:13     | Found a transporter.
 21755 | D:13     | Found a transporter.
 21837 | D:13     | Found a transporter.
 22741 | Shoals:1 | Entered Level 1 of the Shoals
 22828 | Shoals:1 | Noticed Josephine
 22835 | Shoals:1 | Killed Josephine
 22969 | Shoals:1 | Found Kobbi's General Store.
 23041 | Shoals:1 | Bought a wand of paralysis (1) for 31 gold pieces
 23266 | Shoals:1 | Reached skill level 10 in Unarmed Combat
 23633 | Shoals:1 | Reached skill level 11 in Fighting
 23914 | Shoals:1 | Found Syomniuxt's Antique Weapon Shop.
 24004 | Shoals:1 | Found Qaatuit's Weapon Shop.
 24659 | Shoals:2 | Found Yruixos's Jewellery Shoppe.
 24665 | Shoals:2 | Found a stormy altar of Qazlal.
 24677 | Shoals:2 | Reached skill level 12 in Fighting
 25513 | Shoals:2 | Found a stormy altar of Qazlal.
 25790 | Shoals:2 | Noticed a kraken
 25879 | Shoals:2 | Killed a kraken
 25880 | Shoals:2 | Reached XP level 15. HP: 63/121 MP: 9/22
 26149 | Shoals:3 | Reached skill level 13 in Fighting
 26258 | Shoals:3 | Noticed Bai Suzhen
 26371 | Snake:1  | Entered Level 1 of the Snake Pit
 26871 | Snake:1  | Reached skill level 10 in Dodging
 27186 | Snake:1  | Noticed Aizul
 27211 | Snake:1  | Killed Aizul
 28036 | D:10     | Bought the Codex of Ash for 240 gold pieces
 28036 | D:10     | Bought the Precepts of the Glacier and the Shapeshifter for
                  | 150 gold pieces
 28041 | D:10     | Learned a level 4 spell: Ice Form
 28396 | Orc:1    | Entered Level 1 of the Orcish Mines
 28396 | Orc:1    | You fall into a shaft and drop 1 floor!
 28396 | Orc:2    | Entered Level 2 of the Orcish Mines
 28439 | Orc:2    | Reached skill level 1 in Ice Magic
 28485 | Orc:1    | HP: 6/136 [ogre mage/+0 flail (10)]
 28486 | Orc:1    | HP: 1/136 [smoke demon/divine providence[an orc knight]
                  | (14)]
 29019 | Orc:2    | Reached skill level 14 in Fighting
 29280 | Orc:2    | Found Qeoreq's Book Shoppe.
 29280 | Orc:2    | Found Ociviof's Antique Armour Shop.
 29282 | Orc:2    | Found Maar's Jewellery Boutique.
 29282 | Orc:2    | Found Giaczou's Weapon Shoppe.
 29318 | Orc:2    | Bought a book of Armaments for 396 gold pieces
 29318 | Orc:2    | Bought a book of the Earth for 396 gold pieces
 29326 | Orc:2    | Learned a level 6 spell: Statue Form
 29495 | Orc:2    | Found a staircase to the Elven Halls.
 30335 | Snake:1  | Learned a level 5 spell: Lee's Rapid Deconstruction
 30603 | Snake:2  | You fall into a shaft and drop 1 floor!
 30603 | Snake:3  | Noticed Donald
 30610 | Snake:3  | Reached XP level 16. HP: 65/128 MP: 11/25
 30612 | Snake:3  | Killed Donald
 31048 | Snake:3  | Reached skill level 10 in Earth Magic
 31189 | Snake:3  | Identified the +10 mace of Perfectionism {flame, rC+ Str+4
                  | Int+8}
 32729 | D:1      | Bought a glowing scarf for 160 gold pieces
 33170 | Snake:3  | Noticed Nikola
 33239 | Snake:3  | Killed Nikola
 33751 | Shoals:3 | Killed Bai Suzhen
 33931 | Shoals:3 | Noticed a kraken
 34288 | Shoals:3 | Noticed Polyphemus
 34300 | Shoals:3 | Killed Polyphemus
 34637 | Shoals:4 | Entered Level 4 of the Shoals
 34637 | Shoals:4 | Found Etwi's Armour Boutique.
 35389 | Shoals:4 | Identified the staff of fire "Yrghuw" {Drain rF+ rN++ Int+6
                  | Dex+3}
 35603 | Shoals:4 | Noticed Mlioglotl
 35616 | Shoals:4 | Noticed a tentacled starspawn
 35924 | Shoals:4 | Reached XP level 17. HP: 85/143 MP: 25/30
 35933 | Shoals:4 | HP: 6/143 [merfolk/boomerang[a merfolk javelineer] (5)]
 35933 | Shoals:4 | Slain by a merfolk impaler

Illustrated notes

Levels and vault maps discovered:
D:1:      shiori_arrival_maze, layout_loops_cross, serial_aquarium,
          aquarium_bridge_long_joined [aquarium_subvault_wall,
          aquarium_subvault_window, aquarium_subvault_wall,
          aquarium_subvault_bridge, aquarium_subvault_wall,
          aquarium_subvault_bridge], aquarium_bridge_square
          [aquarium_subvault_wall, aquarium_subvault_bridge,
          aquarium_subvault_window, aquarium_subvault_bridge],
          aquarium_window_1, aquarium_window_fake, aquarium_view_2b,
          aquarium_view_2b, aquarium_pool_side, serial_shops, shop,
          nicolae_shop_industrial_runoff, nicolae_shop_advertising_works
          [nicolae_subvault_shop_adworks], chequers_serial_rivers_micro_a
D:2:      layout_rooms, serial_co_window_serial, co_window_cross_1,
          co_window_paths_a, co_window_of_opportunity_a,
          co_window_of_opportunity_a, co_window_corner_a, co_window_broadway_c,
          co_window_unsneaky_path_d, co_window_corner_b,
          co_window_unsneaky_path_a, co_window_4corner_b, glass_columns_c,
          glass_columns_c, glass_columns_b, glass_columns_a,
          minmay_pentomino_p2, uniq_robin, uniq_jessica
D:3:      layout_basic, portal_sewer_entry_a, ebering_ghost_rock_garden,
          nicolae_underground_beach
D:4:      layout_basic, minmay_temple_entry_sparse_star
D:5:      layout_basic, mainiacjoe_overflow_chevrons, tgw_fedhas,
          gammafunk_ghost_mausoleum, uniq_duvessa, uniq_prince_ribbit1,
          uniq_grinder
D:6:      layout_loops_ring, minivault_5, uniq_edmund, uniq_eustachio
D:7:      layout_cave_pools, lemuel_blue_sif_altar, serial_bayou,
          serial_bayou_pond_a, serial_bayou_crossing, serial_bayou_ford_a,
          serial_bayou_lagoon_a, hangedman_abyss_or_decor_passed, sigmund_army,
          uniq_menkaure, uniq_pikel
D:8:      layout_cave_pools, gammafunk_temple_overflow_statue,
          serial_bayou_pond_a, uniq_amaemon
D:9:      layout_gridville, mainiacjoe_overflow_alcove_2,
          grunt_dithmenos_shadows, mainiacjoe_overflow_large_starburst,
          serial_shops, shop
D:10:     layout_cave_pools, xom_confusion_cloud,
          mainiacjoe_overflow_six_doors_small, ashenzari_conservatory_becter,
          enter_bailey_5, nicolae_shop_i_like_small_books_too,
          nicolae_concentric_dashed_squares_mild, uniq_snorg, uniq_psyche
D:11:     layout_irregular_city, hellmonk_lair_entry_icy,
          lightli_elemental_guards
D:12:     layout_loops_corners, orc_0_dummy, serial_bayou_pond_d
D:13:     layout_stronghold, nicolae_diode_quadrants
Temple:   hellmonk_temple_beads
Lair:1:   wad_woods_04, layout_misc_corridors, grunt_megastairs_3
Lair:2:   regret_index_harrowing_hell_hive, layout_regular_city,
          elwin_shoals_entry_stream, infiniplex_staircase_pool_2
Lair:3:   layout_long_grid, minmay_snake_entry_six_corridors,
          grunt_megastairs_2, infiniplex_staircase_pool
Lair:4:   layout_regular_city, nicolae_slime_entry_slimehenge
Shoals:1: layout_shoals, serial_shops, shop, shop, shop_statue,
          nicolae_shoals_undead_eyrie, uniq_josephine
Shoals:2: layout_shoals, serial_shops, shop, hangedman_feature_mirror
Shoals:3: layout_shoals, uniq_bai_suzhen, uniq_polyphemus
Shoals:4: shoals_end_grunt_garden, layout_shoals, serial_shops, shop,
          uniq_mlioglotl
Snake:1:  layout_misc_corridors, serial_bayou_shore_b, uniq_aizul
Snake:2:  layout_honeycomb
Snake:3:  layout_basic, drop_trap, serial_bayou_shore_b, uniq_donald,
          uniq_nikola
Orc:1:    layout_caves
Orc:2:    st_orc_ogre_mass, layout_caves

Skill      XL: |  1  2  3  4  5  6  7  8  9 10 11 12 13 14 15 16 |
---------------+-------------------------------------------------+-----
Fighting       | 4 5 6 7 8 10 12 14 | 14.0
Short Blades   | 3 4 6 9 10 | 10.0
Evocations     | 2 4 5 6 |  6.9
Dodging        | 3 5 7 8 10 | 10.0
Stealth        | 6 8 0 |  0.0
Summonings     | 0 |  0.0
Spellcasting   | 4 5 6 9 |  9.0
Earth Magic    | 6 9 13 | 13.4
Conjurations   | 2 6 7 |  7.0
Transmutations | 5 9 11 12 13 | 13.0
Unarmed Combat | 5 8 10 11 | 11.2
Ice Magic      | 3 |  3.0

Action                     |  1- 3 |  4- 6 |  7- 9 | 10-12 | 13-15 | 16-18 || total
---------------------------+-------+-------+-------+-------+-------+-------++-------
  Melee: Short sword       |   124 |   130 |   134 |   261 |       |       ||   649
         Tailslap          |    18 |    44 |   120 |   416 |   281 |   102 ||   981
         Dagger            |       |   149 |   609 |  1558 |   545 |       ||  2861
         Punch             |       |     2 |    12 |    46 |   114 |    40 ||   214
         Falchion          |       |       |       |   220 |     6 |       ||   226
         Unarmed           |       |       |       |       |   833 |   436 ||  1269
  Throw: Dart              |       |       |       |     1 |       |       ||     1
   Cast: Stone Arrow       |       |       |       |    19 |    20 |     7 ||    46
         Summon Small Mamm |       |       |       |     2 |       |       ||     2
         Blade Hands       |       |       |       |       |   107 |    27 ||   134
         Irradiate         |       |       |       |       |     8 |     3 ||    11
         Wereblood         |       |       |       |       |     8 |     3 ||    11
         Statue Form       |       |       |       |       |     4 |    23 ||    27
 Invoke: Sacrifice Love    |       |       |       |     1 |       |       ||     1
         Sacrifice Words   |       |       |       |     1 |       |       ||     1
         Power Leap        |       |       |       |       |     3 |     9 ||    12
         Sacrifice Purity  |       |       |       |       |     1 |       ||     1
         Sacrifice Health  |       |       |       |       |     1 |       ||     1
         Sacrifice Stealth |       |       |       |       |     1 |       ||     1
         Apocalypse        |       |       |       |       |     6 |     3 ||     9
         Draw Out Power    |       |       |       |       |     3 |       ||     3
         Reject Sacrifices |       |       |       |       |     2 |       ||     2
  Evoke: Wand              |     1 |     6 |       |    10 |    11 |     4 ||    32
         Phial of floods   |       |       |       |       |       |     1 ||     1
    Use: Scroll            |     1 |       |    10 |    10 |    10 |     1 ||    32
         Potion            |       |       |       |     7 |     8 |     3 ||    18
   Stab: Sleeping          |     1 |    12 |    17 |    11 |    11 |       ||    52
         Distracted        |       |     1 |       |     5 |     9 |     1 ||    16
         Invisible         |       |       |       |     6 |    18 |     6 ||    30
         Paralysed         |       |       |       |       |     8 |    13 ||    21
 Armour: Skin              |    22 |    88 |   219 |   539 |   493 |   243 ||  1604
  Dodge: Dodged            |    62 |   174 |   294 |  1029 |   667 |   245 ||  2471
         Repelled          |       |       |       |       |       |     8 ||     8
